 Dungeon Crawl Stone Soup version 0.30.0-29-ga12c61a403 (webtiles) character file.

Game seed: 11378484778289056117

18279 Graphine the Anamnesiscian (level 12, 0/89 HPs)
             Began as a Demonspawn Gladiator on June 24, 2023.
             Was an Elder of Hepliaklqana.
             Slain by a sun demon (5 damage)
             ... in a volcano.
             The game lasted 00:28:57 (12092 turns).

Graphine the Anamnesiscian (Demonspawn Gladiator)  Turns: 12092, Time: 00:28:57

Health: 0/89       AC: 23    Str: 16    XL:     12   Next: 26%
Magic:  18/21      EV: 12    Int: 13    God:    Hepliaklqana [****..]
Gold:   719        SH:  0    Dex: 15    Spells: 15/22 levels left

rFire   + + .        I - +7 flail (protect)
rCold   . . .        (no shield)
rNeg    . . .        t - +4 scale mail {rPois}
rPois   +            (helmet restricted)
rElec   .            E - +0 cloak
rCorr   .            C - +0 pair of gloves
SInv    .            (no boots)
Will    .....        (no amulet) Stlth
                     g - ring of protection from fire
HPRegen 0.34/turn    h - ring of protection from fire
MPRegen 0.34/turn

%: no passive effects
@: under a protective aura, invisible
A: reduced essence, hooves 1, rugged brown scales 1, foul stench 1, magic
regeneration, antennae 1, poison resistance, shaggy fur 1
a: Renounce Religion, Recall Ancestor, Ancestor Identity, Transference, Idealise


You were in a volcano.
You worshipped Hepliaklqana.
Hepliaklqana was greatly pleased with you.
You visited 3 branches of the dungeon, and saw 12 of its levels.
You also visited: Volcano.

You collected 733 gold pieces.
You spent 14 gold pieces at shops.

Inventory:

Hand Weapons
 p - a +2 short sword of speed
 I - a +7 flail of protection (weapon)
Missiles
 d - 2 throwing nets
 e - 4 javelins
 G - 6 atropa-tipped darts
Armour
 c - a +1 helmet
 k - a +0 hat
 t - a +4 scale mail of poison resistance (worn)
 C - a +0 pair of gloves (worn)
 E - a +0 cloak (worn)
Magical Staves
 F - a staff of poison
Jewellery
 g - a ring of protection from fire (left hand)
 h - a ring of protection from fire (right hand)
 j - a ring of positive energy
 l - a ring of resist corrosion
 w - a ring of protection from cold
 y - a ring of ice
 H - a ring of see invisible
Wands
 x - a wand of flame (16) (quivered)
 z - a wand of digging (8)
 B - a wand of quicksilver (21)
 J - a wand of charming (6)
Scrolls
 a - 2 scrolls of identify
 o - 5 scrolls of teleportation
 q - 2 scrolls of vulnerability
 s - a scroll of poison
 v - 2 scrolls of fear
 D - a scroll of amnesia
Potions
 f - 2 potions of might
 i - a potion of ambrosia
 m - 2 potions of mutation
 n - 4 potions of magic
 r - 2 potions of cancellation
 u - a potion of brilliance
 A - a potion of invisibility
 K - 4 potions of degeneration


   Skills:
 * Level 9.6 Fighting
 - Level 6.5(6.6) Maces & Flails
 + Level 1.1(4.2) Staves
 - Level 1.7 Throwing
 + Level 5.6 Armour
 + Level 6.6 Dodging
 + Level 5.7 Spellcasting
 * Level 8.4 Poison Magic
 * Level 12.1 Invocations
 * Level 2.0 Evocations


You had 15 spell levels left.
You knew the following spells:

 Your Spells              Type           Power      Damage    Failure   Level
a - Sting                 Tmut/Pois      56%        1d5       10%         1
b - Poisonous Vapours     Pois/Air       28%        N/A       14%         2
c - Olgreb's Toxic Radia  Pois           25%        N/A       17%         4

Your spell library contained the following spells:

 Spells                   Type           Power      Damage    Failure   Level
 Spider Form              Tmut/Pois      14%        N/A       28%         3
 Mephitic Cloud           Conj/Pois/Air  11%        N/A       45%         3
 Apportation              Tloc           6%         N/A       50%         1
 Beastly Appendage        Tmut           6%         N/A       50%         1
 Slow                     Hex            12%        N/A       50%         1
 Blink                    Tloc           6%         N/A       63%         2
 Lesser Beckoning         Tloc           6%         N/A       63%         2
 Wereblood                Tmut           3%         N/A       63%         2
 Confusing Touch          Hex            3%         N/A       86%         3
 Frozen Ramparts          Ice            6%         1d1       86%         3
 Gell's Gravitas          Tloc           3%         N/A       86%         3
 Teleport Other           Tloc           3%         N/A       86%         3
 Vampiric Draining        Necr           3%         2d6       86%         3
 Alistair's Intoxication  Tmut/Pois      9%         N/A       95%         5
 Ice Form                 Ice/Tmut       3%         N/A       99%         4
 Manifold Assault         Tloc           3%         N/A       99%         4
 Summon Ice Beast         Ice/Summ       3%         N/A       99%         4
 Freezing Cloud           Conj/Ice/Air   1%         6-21      100%        5
 Storm Form               Tmut/Air       1%         N/A       100%        7


Dungeon Overview and Level Annotations

Branches:
Dungeon (8/15)             Temple (1/1) D:6            Lair (3/5) D:8
  Swamp (0/4) Lair:2        Snake (0/4) Lair:2      Volcano (1/1)

Altars:
Ashenzari
Cheibriados
Dithmenos
Fedhas
Gozag
Hepliaklqana
Kikubaaqudgha
Makhleb
Okawaru
Qazlal
Ru
Sif Muna
Uskayaw
Wu Jian
Yredelemnul

Shops:
D:5 !

Annotations:
D:3 exclusion: oklob plant
D:7 2 runed translucent doors, exclusion: orange crystal statue
Temple 2 transporters


Innate Abilities, Weirdness & Mutations

Your life essence is reduced to manifest your ancestor. (-10% HP)
You have large cloven feet.
You are partially covered in rugged brown scales. (AC +1, +3% HP)
You may rarely emit foul miasma when damaged in melee.
You regenerate magic rapidly.
You have a pair of small antennae on your head.
Your system is resistant to poisons. (rPois)
You are covered in fur. (AC +1)


Message History

You hit the steam dragon.
The steam dragon is lightly wounded.
The steam dragon hisses angrily.
The sun demon shouts!
The smoke demon gestures at you. The ball of steam misses you.
The ball of steam hits the steam dragon.
The steam dragon resists.
Udjahorresnet gestures at the sun demon while chanting.
The sun demon resists with almost no effort.
The sun demon hits Udjahorresnet!!
Udjahorresnet is destroyed!
The steam dragon hisses angrily.
The sun demon shouts!
You sock the steam dragon! You kick the steam dragon.
The steam dragon is almost dead.
The steam dragon hisses angrily.
The sun demon hits you!
You are engulfed in flames.
You resist.
* * * LOW HITPOINT WARNING * * *
The smoke demon hits you.
* * * LOW HITPOINT WARNING * * *
The smoke demon hits you but does no damage.
The smoke demon closely misses you. The steam dragon breathes steam at you.
The ball of steam hits you but does no damage.
You resist.
Unknown command.
You hit the steam dragon. You kick the steam dragon.
You kill the steam dragon!
The smoke demon hits you but does no damage.
The smoke demon misses you. The smoke demon closely misses you.
Okay, then.
You thump the smoke demon! Your kick misses the smoke demon.
The smoke demon is severely wounded.
The smoke demon gestures at you. The sticky flame misses you.
The sticky flame hits the sun demon but does no damage.
The sun demon is covered in liquid flames!
The sun demon hits you!
* * * LOW HITPOINT WARNING * * *
You are engulfed in flames.
You resist.
You die...

...............
..............
#............ #.........
#...§..# #§§§#.# #3§§.≈#
##†§...# ##3@§.§.##
..≈§..33.....#######
..#................##
≈.......#.#.........###
..#....#####..........##
. #...# #...........#
#### ##...#.#.....
########.... ##...


You could see 3 sun demons and a smoke demon (unable to see you).

Vanquished Creatures
  2 hydras (Lair:2)
  Erica (D:8)
  A two-headed ogre (D:8)
  6 elephants (Lair:1)
  A black mamba (Lair:1)
  Maurice (D:8)
  2 smoke demons (Volcano)
  3 cane toads (Lair:1)
  2 rime drakes (Lair:1)
  2 hornets (D:7)
  2 blink frogs (Lair:1)
  7 yaks
  2 wyverns (Lair:1)
  2 steam dragons (Volcano)
  Menkaure (D:7)
  2 hell hounds (Volcano)
  7 water moccasins
  An orc warrior (D:7)
  2 ice beasts
  A sky beast (D:8)
  2 black bears
  An ogre (D:5)
  5 wolves
  3 centaurs
  A phantom (D:6)
  2 kobold brigands
  7 bullfrogs
  2 scorpions
  4 wights (D:7)
  A howler monkey (D:5)
  2 hounds (D:5)
  3 jellies
  5 orc priests
  Crazy Yiuf (D:4)
  3 iron imps (D:6)
  4 sleepcaps
  A hexer (Lair:2)
  Natasha (thrice) (D:4)
  5 iguanas
  6 orc wizards
  Terence (D:3)
  Robin (D:3)
  6 gnolls (D:4)
  7 adders
  A shadow imp (D:7)
  An ufetubus (D:6)
  3 worms (D:2)
  A dart slug (D:2)
  16 orcs
  3 bats
  10 endoplasms
  2 giant cockroaches (D:4)
  13 goblins
  8 hobgoblins
  2 jackals (D:1)
  4 quokkas
  4 ball pythons
  2 frilled lizards
  13 kobolds
  3 rats
210 creatures vanquished.

Vanquished Creatures (collateral kills)
  A catoblepas (Lair:3)
  Joseph (D:8)
  2 cane toads
  A rime drake (Lair:3)
  A komodo dragon (Lair:2)
  A tyrant leech (Lair:2)
  A blink frog (Lair:1)
  6 yaks (Lair:1)
  3 steam dragons (Volcano)
  A water moccasin (Lair:1)
  An ice beast (D:8)
  3 wolves
  5 bullfrogs
  An orc wizard (D:8)
28 creatures vanquished.

Vanquished Creatures (others)
  3 hexers
  An ancestor (D:8)
4 creatures vanquished.

Grand Total: 242 creatures vanquished

Notes
Turn   | Place    | Note
-------+----------+-------------------------------------------
     0 | D:1      | Graphine the Demonspawn Gladiator began the quest for the
                  | Orb.
     0 | D:1      | Reached XP level 1. HP: 16/16 MP: 1/1
   119 | D:1      | Reached skill level 1 in Invocations
   243 | D:1      | Gained mutation: You have large cloven feet. [demonic
                  | ancestry]
   243 | D:1      | Reached XP level 2. HP: 22/22 MP: 2/2
  1028 | D:2      | Reached skill level 2 in Invocations
  1028 | D:2      | Gained mutation: You regenerate magic rapidly. [demonic
                  | ancestry]
  1028 | D:2      | Reached XP level 3. HP: 13/28 MP: 4/4
  1726 | D:3      | Reached XP level 4. HP: 27/34 MP: 4/6
  1826 | D:3      | Noticed Terence
  1943 | D:3      | Killed Terence
  1944 | D:3      | Reached skill level 3 in Invocations
  2114 | D:3      | Found a blossoming altar of Fedhas.
  2115 | D:3      | Noticed Robin
  2158 | D:3      | Killed Robin
  2159 | D:3      | Reached XP level 5. HP: 36/41 MP: 7/7
  2181 | D:3      | Noticed an oklob plant
  2577 | D:4      | Reached skill level 1 in Spellcasting
  2907 | D:4      | Noticed Natasha
  2916 | D:4      | Killed Natasha
  2917 | D:4      | Reached skill level 4 in Invocations
  2917 | D:4      | Gained mutation: You may rarely emit foul miasma when
                  | damaged in melee. [demonic ancestry]
  2917 | D:4      | Reached XP level 6. HP: 25/47 MP: 7/9
  2920 | D:4      | Reached skill level 1 in Armour
  3122 | D:4      | Noticed Natasha
  3127 | D:4      | Killed Natasha
  3170 | D:4      | Noticed Natasha
  3174 | D:4      | Killed Natasha
  3418 | D:4      | Found a runed translucent door.
  3490 | D:4      | Noticed Crazy Yiuf
  3601 | D:4      | Killed Crazy Yiuf
  3713 | D:5      | Entered Level 5 of the Dungeon
  3839 | D:5      | Reached XP level 7. HP: 47/54 MP: 10/10
  3997 | D:5      | Reached skill level 5 in Invocations
  4097 | D:5      | Found Ashrewk's Distillery.
  4104 | D:5      | Bought a potion of degeneration for 14 gold pieces
  4338 | D:5      | Reached skill level 1 in Poison Magic
  5268 | D:5      | Gained mutation: You are covered in fur. (AC +1) [potion of
                  | mutation]
  5268 | D:5      | Gained mutation: Your system is resistant to poisons.
                  | (rPois) [potion of mutation]
  5268 | D:5      | Gained mutation: You have a pair of small antennae on your
                  | head. [potion of mutation]
  5339 | D:5      | Learned a level 1 spell: Sting
  5342 | D:5      | Learned a level 2 spell: Poisonous Vapours
  5347 | D:5      | Learned a level 4 spell: Olgreb's Toxic Radiance
  5372 | D:6      | Found a staircase to the Ecumenical Temple.
  5409 | D:6      | Reached skill level 5 in Fighting
  5409 | D:6      | Reached skill level 6 in Invocations
  5409 | D:6      | Reached XP level 8. HP: 29/62 MP: 12/12
  5414 | Temple   | Entered the Ecumenical Temple
  5414 | Temple   | Found a transporter.
  5414 | Temple   | Found a transporter.
  5416 | Temple   | Found a transporter.
  5416 | Temple   | Found a transporter.
  5716 | Temple   | Became a worshipper of Hepliaklqana the Forgotten
  5811 | D:6      | Found a burning altar of Makhleb.
  5946 | D:6      | Identified the +1 robe of Mutualism {Will+ Str+3 Dex+3}
  6167 | D:6      | Reached skill level 7 in Invocations
  6314 | D:6      | Found a shadowy altar of Dithmenos.
  6314 | D:6      | Found a snail-covered altar of Cheibriados.
  6315 | D:6      | Found a broken altar of Ashenzari.
  6368 | D:7      | Found the +10 tower shield of Ignorance {rN+ Int-4}
  6377 | D:7      | Found a runed translucent door.
  6444 | D:7      | Found a runed translucent door.
  6452 | D:7      | Noticed an orange crystal statue
  6476 | D:7      | Identified the +10 falchion of Futuristic Prudence {heavy,
                  | rElec Str+2}
  6487 | D:7      | Noticed a hornet
  6493 | D:7      | Paralysed by a hornet for 3 turns
  6496 | D:7      | Paralysed by a hornet for 3 turns
  6498 | D:7      | Killed a hornet
  6499 | D:7      | Reached XP level 9. HP: 11/69 MP: 14/14
  7093 | D:7      | Reached * piety under Hepliaklqana
  7220 | D:7      | Reached skill level 8 in Invocations
  7220 | D:7      | Noticed Menkaure
  7223 | D:7      | Killed Menkaure
  7541 | D:8      | Reached skill level 5 in Maces & Flails
  7554 | D:8      | Noticed Maurice
  7567 | D:8      | Killed Maurice
  7568 | D:8      | Reached skill level 5 in Poison Magic
  7611 | D:8      | Noticed a two-headed ogre
  7623 | D:8      | Killed a two-headed ogre
  7624 | D:8      | Reached skill level 5 in Dodging
  7624 | D:8      | Reached XP level 10. HP: 31/71 MP: 8/16
  7791 | D:8      | Found a staircase to the Lair.
  7806 | D:8      | Reached ** piety under Hepliaklqana
  7808 | D:8      | Remembered your ancestor Udjahorresnet as a hexer
  8043 | D:8      | Reached skill level 9 in Invocations
  8069 | D:8      | Noticed Joseph
  8078 | D:8      | Killed Joseph
  8310 | D:8      | Noticed Erica
  8330 | D:8      | Killed Erica
  8660 | Lair:1   | Entered Level 1 of the Lair of Beasts
  8688 | Lair:1   | Noticed a cane toad
  8696 | Lair:1   | Killed a cane toad
  8959 | Lair:1   | Reached skill level 10 in Invocations
  9124 | Lair:1   | Noticed a black mamba
  9132 | Lair:1   | Killed a black mamba
  9147 | Lair:1   | Reached XP level 11. HP: 29/77 MP: 18/18
  9673 | Lair:1   | Reached *** piety under Hepliaklqana
  9731 | Lair:1   | Reached skill level 5 in Spellcasting
  9737 | Lair:1   | Reached skill level 5 in Armour
  9737 | Lair:1   | Reached skill level 11 in Invocations
 10508 | Lair:2   | Found a broken altar of Ashenzari.
 10686 | Lair:2   | Found a staircase to the Snake Pit.
 11128 | Lair:2   | Noticed a four-headed hydra
 11136 | Lair:2   | Killed a four-headed hydra
 11243 | Lair:2   | Noticed a six-headed hydra
 11262 | Lair:2   | Killed a six-headed hydra
 11451 | Lair:2   | Found a staircase to the Swamp.
 11465 | Lair:2   | Identified a scroll of acquirement
 11465 | Lair:2   | Acquired a staff of poison
 11681 | Lair:3   | Reached **** piety under Hepliaklqana
 11691 | Lair:3   | Gained mutation: You are partially covered in rugged brown
                  | scales. (AC +1, +3% HP) [demonic ancestry]
 11691 | Lair:3   | Reached XP level 12. HP: 78/88 MP: 13/20
 11751 | Lair:3   | Noticed a catoblepas
 11760 | Lair:3   | Killed a catoblepas
 11761 | Lair:3   | Reached skill level 1 in Evocations
 11972 | Lair:3   | Found a dark tunnel.
 12004 | Volcano  | Entered a volcano
 12062 | Volcano  | Reached skill level 1 in Staves
 12063 | Volcano  | Reached skill level 12 in Invocations
 12092 | Volcano  | Slain by a sun demon

Illustrated notes

Levels and vault maps discovered:
D:1:      dpeg_arrival_houses_and_road, layout_basic
D:2:      layout_basic
D:3:      layout_rooms, tgw_fedhas, uniq_terence, uniq_robin
D:4:      layout_gridville, kennysheep_generic_room_4, uniq_natasha,
          uniq_crazy_yiuf_cottage
D:5:      layout_layer_cave, serial_shops, shop
D:6:      layout_rooms, demons_altar, gammafunk_temple_overflow_claw,
          minmay_temple_entry_trees
D:7:      layout_loops_cross, hex_large, chequers_guarded_unrand_ignorance,
          uniq_menkaure
D:8:      layout_gridville, lair_entry_dummy, kennysheep_generic_room_12,
          uniq_erica, uniq_maurice, uniq_joseph
Temple:   hellmonk_temple_divided_pantheon
Lair:1:   layout_concentric_octagons, grunt_megastairs_4
Lair:2:   layout_regular_city, palyth_hydra_swamp_entry, dummy_snake_entry,
          basic_altar
Lair:3:   layout_chaotic_city, ebering_ghost_disaster_area,
          nicolae_volcano_entry_hallway
Volcano:  hellmonk_smoking_crater

Skill      XL: |  1  2  3  4  5  6  7  8  9 10 11 12 |
---------------+-------------------------------------+-----
Invocations    | 1 2 3 4 6 7 8 10 11 12 | 12.1
Dodging        | 3 4 5 6 |  6.6
Maces & Flails | 3 4 5 6 |  6.5
Fighting       | 3 4 5 7 8 9 |  9.6
Spellcasting   | 1 2 3 4 5 |  5.7
Armour         | 1 2 3 4 5 |  5.6
Poison Magic   | 2 3 5 6 8 |  8.4
Evocations     | 2 |  2.0
Staves         | 1 |  1.1
Throwing       | |  1.7

Action                     |  1- 3 |  4- 6 |  7- 9 | 10-12 || total
---------------------------+-------+-------+-------+-------++-------
  Melee: Flail             |    24 |     5 |    39 |   231 ||   299
         Short sword       |    96 |   172 |       |       ||   268
         Kick              |    24 |    59 |    76 |    97 ||   256
         Punch             |       |     3 |     1 |     5 ||     9
         Quarterstaff      |       |    13 |   183 |       ||   196
         Falchion          |       |       |    34 |       ||    34
         Staff             |       |       |       |    49 ||    49
  Throw: Throwing net      |       |     2 |       |       ||     2
         Dart              |       |       |       |     1 ||     1
   Cast: Poisonous Vapours |       |       |     3 |     3 ||     6
         Olgreb's Toxic Ra |       |       |       |    12 ||    12
         Sting             |       |       |       |     4 ||     4
 Invoke: Ancestor Identity |       |       |     1 |       ||     1
         Ancestor Life: He |       |       |       |     1 ||     1
  Evoke: Wand              |       |    13 |     3 |     1 ||    17
    Use: Scroll            |     5 |     2 |    10 |     7 ||    24
         Potion            |       |       |     5 |     5 ||    10
   Stab: Held in net/web   |       |     2 |       |       ||     2
         Sleeping          |       |     1 |       |       ||     1
         Paralysed         |       |       |     3 |       ||     3
         Confused          |       |       |       |     6 ||     6
         Distracted        |       |       |       |     3 ||     3
         Invisible         |       |       |       |     4 ||     4
 Armour: Leather armour    |    29 |     4 |       |       ||    33
         Scale mail        |       |    58 |   150 |   168 ||   376
  Dodge: Dodged            |    57 |    77 |   165 |   209 ||   508
